cohdb
Replays
Latest Replays
All Replays
Popular Replays
Top Player Replays
Match Explorer
How It Works
Community
CoH3 Stats
Reddit
Sign in to upload your games and track your stats! →
Sign in with Steam
Match 44233834
Unlisted
Match 44233834
Overview
Messages
Build Orders
End
Panzergrenadier Squad
Selects Battlefield Espionage Battlegroup
250 Light Carrier
Panzergrenadier Squad
Construct Light Support Kompanie
Selects 250/3 Funkpanzerwagen
MG34 Team
250/3 Funkpanzerwagen
Fire Support Elements
250 Light Carrier
2.5-tonne Medical Truck
Combat Half-tracks
Selects Advanced Ambush Training
Panzerjäger Mechanized Group
2.5-tonne Medical Truck
Selects Intel Disruption Beacon
Construct Panzerarmee Kommand
250/3 Funkpanzerwagen
Selects Transfer Depots
Selects Firestorm
Pak 38 Anti-tank Gun Team
Flak 36 Anti-tank Gun Team
MG34 Team
Armored Reserves
Panzergrenadier Squad
Firestorm
Flak 36 Anti-tank Gun Team
Selects Operation Skorpion
Panzerpioneer Squad
2.5-tonne Medical Truck
250/3 Funkpanzerwagen
OddBall_ESP
Africanoblanco
Arturokq
ConMan
0
0
Comments
sign in to comment!
No comments posted yet!